 Dungeon Crawl Stone Soup version 0.18-a0-902-g8738618 (webtiles) character file.

44 Jmtri7 the Sneak (level 3, 15/29 HPs)
             Began as a Formicid Assassin on Dec 24, 2015.
             Was an Initiate of Makhleb.
             Starved to death
             ... on level 3 of the Dungeon.
             The game lasted 00:06:41 (1085 turns).

Jmtri7 the Sneak (Formicid Assassin)                Turns: 1085, Time: 00:06:41

Health: 15/29      AC:  6    Str: 16    XL:     3   Next: 87%
Magic:  3/3        EV: 10    Int: 10    God:    Makhleb [......]
Gold:   36         SH:  0    Dex: 12    Spells: 0 memorised, 2 levels left

rFire  . . .     SeeInvis +     a - +2 dagger
rCold  . . .     Gourm    .     h - +0 ring mail {MR+}
rNeg   . . .     Faith    .     (no shield)
rPois  .         Spirit   .     (helmet unavailable)
rElec  .         Dismiss  +     d - +0 cloak
rCorr  .         Reflect  .     (no gloves)
SustAt .         Harm     .     (no boots)
MR     +....                    l - amulet of dismissal
Stlth  ++........               (no ring)
                                (no ring)

@: fainting, somewhat resistant to hostile enchantments, unstealthy
A: permanent stasis, dig shafts and tunnels, four strong arms, antennae 3
a: Dig, Shaft Self, Renounce Religion


You were on level 3 of the Dungeon.
You worshipped Makhleb.
Makhleb was noncommittal.
You were fainting.

You visited 1 branch of the dungeon, and saw 3 of its levels.

You collected 36 gold pieces.

Inventory:

Hand Weapons
 a - a +2 dagger (weapon)
 b - a +0 blowgun
Missiles
 e - 8 poisoned needles
 f - 2 curare-tipped needles
Armour
 d - a +0 cloak (worn)
 h - a +0 ring mail of magic resistance (worn)
Jewellery
 l - an amulet of dismissal (around neck)
Wands
 r - a wand of cold (8/15)
Scrolls
 j - a scroll of blinking {unknown}
 m - a scroll of immolation {unknown}
 o - a scroll of random uselessness {unknown}
 p - a scroll of noise {unknown}
 q - a scroll of fear {unknown}
 t - a scroll of identify {unknown}
Potions
 c - a potion of poison {unknown}
 k - a potion of curing {unknown}
Comestibles
 g - 2 bread rations
 i - a slice of pizza
 n - a beef jerky
 s - 2 meat rations
 u - 2 fruits


   Skills:
 + Level 3.1 Fighting
 - Level 2.0 Short Blades
 - Level 2.2 Throwing
 + Level 1.3 Armour
 - Level 0.8 Dodging
 + Level 5.3 Stealth


You had 2 spell levels left.
You didn't know any spells.

Dungeon Overview and Level Annotations

Branches:
Dungeon (3/15)

Altars:
Ashenzari
Makhleb
Xom


Innate Abilities, Weirdness & Mutations

You are under a permanent stasis effect.
You can dig through walls and to a lower floor.
Your four strong arms can wield two-handed weapons with a shield.
You have a pair of large antennae on your head (SInv).


Message History

The bat barely misses you. The bat hits you. The rat bites you.
You see here an adder corpse.
The bat hits you but does no damage.
You closely miss the bat. The bat hits you but does no damage.
The bat barely misses you.
You see here an adder corpse.
There is an open door here.
You closely miss the bat. The bat misses you.
The bat hits you but does no damage.
You barely miss the bat. The bat hits you. The bat closely misses you.
You see here an adder corpse.
The bat hits you but does no damage. x2
You closely miss the bat. The bat hits you but does no damage.
The bat hits you but does no damage.
You closely miss the bat. The bat hits you but does no damage.
You closely miss the bat.
You have starved to death.
You die...

#.......#.# #.#
#.#.#.#...###+##
#........###...##
#.#.#.#..##.....##
#.......##.......##
##....####.........#
##........+.........+
#.........##...b.....#
#.#.##.##.# #..@....#
# #...# #.# ##.....##
###. #.# ##.†.## #.
#.# ##'## ###.###.#
#.# ........######.#
###.#.......##.## #
#.##(...#...#.###. #.
#.(..<.........#


You could see a bat.

Vanquished Creatures
  2 adders
  A giant gecko (D:3)
  2 bats (D:3)
  2 giant cockroaches
  2 goblins (D:1)
  5 hobgoblins
  3 kobolds
  3 giant newts
  5 rats
25 creatures vanquished.

Notes
Turn   | Place    | Note
--------------------------------------------------------------
     0 | D:1      | Jmtri7 the Formicid Assassin began the quest for the Orb.
     0 | D:1      | Reached XP level 1. HP: 16/16 MP: 1/1
   257 | D:1      | Reached XP level 2. HP: 21/23 MP: 2/2
   260 | D:1      | You fall through a shaft!
   322 | D:2      | Found a burning altar of Makhleb.
   333 | D:2      | Became a worshipper of Makhleb the Destroyer
   537 | D:2      | Reached skill level 1 in Armour
   537 | D:2      | Reached skill level 5 in Stealth
   537 | D:2      | Reached XP level 3. HP: 15/28 MP: 3/3
   779 | D:2      | You fall through a shaft!
   782 | D:3      | Found a shimmering altar of Xom.
   784 | D:3      | Found a shimmering altar of Xom.
   785 | D:3      | Found a shimmering altar of Xom.
   789 | D:3      | Found a shimmering altar of Xom.
   789 | D:3      | Found a shimmering altar of Xom.
   951 | D:3      | Found a shattered altar of Ashenzari.
  1085 | D:3      | Starved to death

Vault maps used:
D:1:      lemuel_arrival_lava_pool
D:2:      old_standard_altar, uniq_iyjb
D:3:      ashenzari_altar_1, serial_glass, glass_columns_c, glass_columns_a,
          glass_columns_a, glass_columns_a, glass_columns_a, glass_columns_b,
          glass_columns_a, glass_columns_a, glass_columns_b, glass_columns_a,
          glass_columns_b, glass_columns_a, glass_columns_a, glass_columns_c,
          xom_redecorated

Action                   || total
-------------------------++-------
Melee: Dagger            ||   125
 Fire: Blowgun           ||     2
 Abil: Dig               ||     9
       Shaft Self        ||     2
 Stab: Sleeping          ||     6
